 Dungeon Crawl Stone Soup version 0.26.1-11-gd32895ea62 (webtiles) character file.

Game seed: 6860947364211021178

10763 JakersMate the Arsonist (level 11, 0/92 HPs)
             Began as a Purple Draconian Fire Elementalist on June 18, 2021.
             Was a High Priest of Qazlal.
             Killed by divine providence
             ... invoked by an orc priest
              (15 damage)
             ... on level 11 of the Dungeon.
             The game lasted 00:42:59 (16619 turns).

JakersMate the Arsonist (DrFE)                     Turns: 16619, Time: 00:43:00

Health: 0/92       AC: 12    Str: 11    XL:     11   Next: 40%
Magic:  23/24      EV: 12    Int: 16    God:    Qazlal [*****.]
Gold:   667        SH:  6    Dex: 18    Spells: 6/28 levels left

rFire    . . .     SeeInvis .   n - +5 great sword
rCold    + . .     Faith    .   (shield currently unavailable)
rNeg     . . .     Spirit   .   (armour unavailable)
rPois    .         Reflect  .   (helmet restricted)
rElec    .         Harm     .   e - scarf {+Inv}
rCorr    .         Rampage  .   H - +1 pair of gloves
Will     +....     Clarity  +   (no boots)
Stlth    +.........             (no amulet)
HPRegen  0.25/turn              x - ring of wizardry
MPRegen  0.19/turn              G - +6 ring of dexterity

@: protected from physical damage, repel missiles
A: breathe power, unfitting armour, clarity, cold resistance 1, dopey 1,
cold-blooded, AC +7
a: Breathe Dispelling Energy, Renounce Religion, Evoke Invisibility, Upheaval,
Elemental Force, Disaster Area


You were on level 11 of the Dungeon.
You worshipped Qazlal.
Qazlal was extremely pleased with you.
You visited 1 branch of the dungeon, and saw 12 of its levels.
You also visited: Ossuary.

You collected 667 gold pieces.

Inventory:

Hand Weapons
 h - a +3 whip of draining
 n - a +5 great sword (weapon)
 v - a +3 mace of venom
Missiles
 b - 237 stones (quivered)
Armour
 c - +0 acid dragon scales
 e - a scarf of invisibility (worn)
 t - a +0 kite shield
 H - a +1 pair of gloves (worn)
Jewellery
 x - a ring of wizardry (left hand)
 G - a +6 ring of dexterity (right hand)
Wands
 k - a wand of disintegration (28)
 p - a wand of polymorph (54)
 q - a wand of random effects (61)
 z - a wand of digging (5)
Scrolls
 f - a scroll of silence {unknown}
 g - 5 scrolls of identify
 j - 3 scrolls of fog
 l - 3 scrolls of magic mapping
 m - 5 scrolls of remove curse
 o - a scroll of blinking
 s - 2 scrolls of teleportation
 w - 2 scrolls of fear
 y - a scroll of immolation
 B - 2 scrolls of amnesia
 D - 4 scrolls of enchant weapon
Potions
 a - 4 potions of ambrosia
 d - 3 potions of curing
 i - 3 potions of lignification
 r - 2 potions of magic {unknown}
 A - 2 potions of heal wounds
 C - 2 potions of haste
 E - a potion of brilliance
Miscellaneous
 u - a condenser vane


   Skills:
 - Level 7.4 Fighting
 - Level 6.0 Long Blades
 - Level 1.7 Dodging
 - Level 1.7 Stealth
 - Level 9.1 Spellcasting
 - Level 5.3 Conjurations
 - Level 11.3 Fire Magic
 - Level 3.3 Ice Magic
 + Level 4.2 Invocations


You had 6 spell levels left.
You knew the following spells:

 Your Spells              Type           Power        Failure   Level
a - Foxfire               Conj/Fire      100%         1%          1
b - Conjure Flame         Conj/Fire      34%          1%          3
c - Fireball              Conj/Fire      17%          3%          5
d - Hailstorm             Conj/Ice       21%          7%          4
e - Summon Ice Beast      Ice/Summ       12%          21%         4
f - Ozocubu's Armour      Ice            18%          3%          3
g - Searing Ray           Conj           48%          1%          2

Your spell library contained the following spells:

 Spells                   Type           Power        Failure   Level
 Freeze                   Ice            72%          1%          1
 Magic Dart               Conj           96%          1%          1
 Inner Flame              Hex/Fire       25%          1%          3
 Sticky Flame             Conj/Fire      34%          1%          4
 Ignite Poison            Fire/Tmut/Pois 19%          2%          3
 Frozen Ramparts          Ice            36%          3%          3
 Sting                    Tmut/Pois      28%          4%          1
 Dazzling Flash           Conj/Hex       30%          4%          3
 Poisonous Vapours        Pois/Air       14%          6%          2
 Mephitic Cloud           Conj/Pois/Air  13%          6%          3
 Fulminant Prism          Conj/Hex       7%           13%         4
 Iskenderun's Mystic Bla  Conj/Tloc      15%          13%         4
 Olgreb's Toxic Radiance  Pois           7%           36%         4


Dungeon Overview and Level Annotations

Branches:
Dungeon (12/15)            Temple (0/1) D:4            Lair (0/6) D:8
Ossuary (visited)
    Orc: D:9-12

Altars:
Ashenzari
Cheibriados
Elyvilon
Gozag
Hepliaklqana
Kikubaaqudgha
Makhleb
Nemelex Xobeh
Okawaru
Qazlal
Sif Muna
Uskayaw
Xom
Zin
The Shining One

Shops:
D:6 *   D:11 [


Innate Abilities, Weirdness & Mutations

You can breathe bolts of dispelling energy.
Your rich purple scales are hard. (AC +7)
You cannot fit into any form of body armour.
You are cold-blooded and may be slowed by cold attacks.
You possess an exceptional clarity of mind.
Your flesh is cold resistant. (rC+)
You are dopey. (Int -2)


Message History

The orc warrior barely misses you.
The orc priest hits you with a +0 flail.
You hear a shout!
The orc shouts!
There is a stone staircase leading up, spattered with blood here.
The orc warrior throws a boomerang.
The boomerang closely misses you.
The weapon returns to the orc warrior!
The orc warrior hits you from afar with a +0 glaive.
You feel more protected from physical attacks.
The orc priest calls down the wrath of Beogh upon you.
Beogh smites you!
* * * LOW HITPOINT WARNING * * *
You climb upwards.
There is a stone staircase leading down here.
Unknown command.
The orc priest invokes the aid of Beogh against you.
Beogh smites you!
* * * LOW HITPOINT WARNING * * *
The orc priest mumbles some strange prayers to Beogh against you.
Beogh smites you!
You die...

#..#..#..#......#....#..#.......#
#..#..'..'......#....#..#.......#
'..#..####......#....#..#.......#
####..#..####'###....#..#####...#
...#..#..#.......................
...#..#..#.........§.............
...##'##'#......§○..§[...........
...'..#..#.......☼o○.>)..........
####..#..#......@..o.............
#.....#..####..§###########...##'
#.....#..#..#...#..#......#...#..
#.....#..'..#...#..'......'...#..
#..#.<...####...#..##.....##'####
####.....#.....)....#............
...####..#..........#............
...#..#..#..........#...........#
...#..#..#..........#............


You could see an orc warrior and an orc priest.

Vanquished Creatures
  Pikel (D:8)
  2 cyclopes (D:11)
  A manticore (D:11)
  An elephant (D:8)
  A gargoyle (D:10)
  Maggie (D:8)
  A kobold demonologist (D:11)
  A hornet (D:10)
  3 trolls
  Grinder (D:6)
  Prince Ribbit (D:8)
  A yak (D:8)
  A basilisk (D:8)
  A wyvern (D:9)
  A water moccasin (D:7)
  2 sky beasts
  10 orc warriors
  An ice beast (D:12)
  A black bear (D:8)
  4 necrophages
  9 ogres
  A phantom (D:8)
  A lemure (D:8)
  A centaur (D:10)
  3 big kobolds
  Blork the orc (D:5)
  A gnoll sergeant (D:9)
  3 bullfrogs
  2 elf zombies (Ossuary)
  3 scorpions
  7 wights (D:9)
  11 killer bees (D:11)
  2 nameless horrors
  A howler monkey (D:10)
  2 quasits
  4 centaur zombies
  6 hounds
  3 jellies
  3 human zombies (Ossuary)
  5 orc priests
  2 bullfrog skeletons
  A gnoll shaman (D:6)
  4 iguanas
  Ijyb (D:4)
  6 worker ants
  12 orc wizards
  A hound zombie (D:9)
  3 mummies
  20 gnolls
  6 adders
  2 shadow imps
  An ooze (D:2)
  2 adder skeletons
  An adder zombie (Ossuary)
  6 leopard geckos
  41 orcs
  5 bats
  5 giant cockroaches
  13 goblins
  3 hobgoblins
  7 jackals
  3 quokkas
  6 frilled lizards
  A goblin zombie (Ossuary)
  6 hobgoblin zombies (Ossuary)
  A jackal zombie (Ossuary)
  20 kobolds
  9 kobold zombies (Ossuary)
  11 orc zombies (Ossuary)
  2 rats
  A rat zombie (Ossuary)
  7 foxfires
314 creatures vanquished.

Vanquished Creatures (collateral kills)
  An orc (D:12)
1 creature vanquished.

Vanquished Creatures (others)
  809 foxfires
  A fungus (D:8)
  2 plants (D:8)
812 creatures vanquished.

Grand Total: 1127 creatures vanquished

Notes
Turn   | Place    | Note
-------+----------+-------------------------------------------
     0 | D:1      | JakersMate the Draconian Fire Elementalist began the quest
                  | for the Orb.
     0 | D:1      | Reached XP level 1. HP: 14/14 MP: 3/3
    68 | D:1      | Reached XP level 2. HP: 12/20 MP: 0/5
   470 | D:1      | Reached skill level 4 in Fire Magic
   836 | D:2      | Reached XP level 3. HP: 24/26 MP: 3/6
  1127 | D:2      | Found a glowing silver altar of Zin.
  1468 | D:2      | Found a hide-covered altar of Uskayaw.
  1623 | D:2      | Reached XP level 4. HP: 12/33 MP: 7/7
  1970 | D:3      | Found an iron altar of Okawaru.
  1974 | D:3      | Reached skill level 5 in Fire Magic
  2047 | D:3      | Learned a level 3 spell: Conjure Flame
  2135 | D:3      | Found a snail-covered altar of Cheibriados.
  2480 | D:4      | Found a stormy altar of Qazlal.
  2493 | D:4      | Became a worshipper of Qazlal Stormbringer
  2586 | D:4      | Reached XP level 5. HP: 26/38 MP: 3/8
  2789 | D:4      | Noticed Ijyb
  2840 | D:4      | Killed Ijyb
  2841 | D:4      | Reached skill level 6 in Fire Magic
  3427 | D:4      | Found a staircase to the Ecumenical Temple.
  3495 | D:4      | Reached XP level 6. HP: 38/45 MP: 7/9
  3522 | D:5      | Entered Level 5 of the Dungeon
  3723 | D:5      | Found a white marble altar of Elyvilon.
  3760 | D:5      | Reached skill level 7 in Fire Magic
  4057 | D:5      | Noticed Blork the orc
  4060 | D:5      | Reached skill level 8 in Fire Magic
  4080 | D:5      | Your scales start taking on a rich purple colour.
  4080 | D:5      | Reached XP level 7. HP: 30/50 MP: 1/10
  4120 | D:4      | Reached * piety under Qazlal
  4813 | D:4      | Learned a level 5 spell: Fireball
  4935 | D:5      | Killed Blork the orc
  5270 | D:5      | Reached skill level 5 in Fighting
  5295 | D:5      | Reached XP level 8. HP: 23/69 MP: 7/11
  5879 | D:5      | Found a burning altar of Makhleb.
  6012 | D:6      | Found a sand-covered staircase.
  6021 | Ossuary  | Entered an ossuary
  6199 | Ossuary  | Reached ** piety under Qazlal
  6283 | Ossuary  | Reached skill level 5 in Spellcasting
  6683 | D:6      | Noticed Grinder
  6687 | D:6      | Paralysed by Grinder for 5 turns
  6701 | D:6      | Paralysed by Grinder for 3 turns
  6710 | D:6      | Paralysed by Grinder for 3 turns
  6714 | D:6      | Killed Grinder
  6860 | D:6      | Found Cyost's Assorted Antiques.
  7046 | D:6      | Found a shimmering blue altar of Sif Muna.
  7093 | D:6      | Found a hazy altar of Hepliaklqana.
  7094 | D:6      | Found a shimmering altar of Xom.
  7095 | D:6      | Noticed a spectral ugly thing
  7134 | D:6      | Reached skill level 1 in Invocations
  7328 | D:6      | Reached XP level 9. HP: 68/78 MP: 17/19
  8612 | D:7      | Reached skill level 9 in Fire Magic
  8911 | D:7      | Reached *** piety under Qazlal
  9107 | D:8      | Noticed Maggie
  9119 | D:8      | Killed Maggie
  9120 | D:8      | Reached skill level 10 in Fire Magic
  9226 | D:8      | Found a broken altar of Ashenzari.
  9257 | D:8      | Noticed Pikel
  9264 | D:8      | Killed Pikel
  9336 | D:8      | Noticed Prince Ribbit
  9344 | D:8      | Reached skill level 11 in Fire Magic
  9491 | D:8      | Killed Prince Ribbit
  9492 | D:8      | Reached XP level 10. HP: 73/84 MP: 13/20
  9597 | D:8      | Found a sparkling altar of Nemelex Xobeh.
  9597 | D:8      | Found an opulent altar of Gozag.
  9752 | D:8      | Found a staircase to the Lair.
  9753 | D:8      | Noticed an elephant
  9776 | D:8      | Killed an elephant
 11088 | D:9      | Reached **** piety under Qazlal
 11346 | D:9      | Reached skill level 1 in Long Blades
 11865 | D:9      | Found a glowing golden altar of the Shining One.
 12254 | D:10     | Entered Level 10 of the Dungeon
 12266 | D:10     | Noticed a gargoyle
 12497 | D:10     | Reached skill level 5 in Long Blades
 12532 | D:10     | Killed a gargoyle
 12801 | D:10     | Reached ***** piety under Qazlal
 13014 | D:10     | Reached XP level 11. HP: 84/92 MP: 24/24
 13262 | D:10     | Paralysed by a hornet for 1 turns
 14375 | D:11     | Reached skill level 5 in Conjurations
 14478 | D:11     | Learned a level 4 spell: Hailstorm
 14483 | D:11     | Learned a level 4 spell: Summon Ice Beast
 14487 | D:11     | Learned a level 3 spell: Ozocubu's Armour
 14490 | D:11     | Learned a level 2 spell: Searing Ray
 14688 | D:11     | Reached skill level 1 in Ice Magic
 14791 | D:11     | Gained mutation: You are frail. (-10% HP) [potion of
                  | mutation]
 14791 | D:11     | Gained mutation: Your muscles are strong. (Str +2) [potion
                  | of mutation]
 14791 | D:11     | Gained mutation: You are agile. (Dex +2) [potion of
                  | mutation]
 14791 | D:11     | Gained mutation: Your muscles are very strong. (Str +4)
                  | [potion of mutation]
 14792 | D:11     | Lost mutation: Your muscles are very strong. (Str +4)
                  | [potion of mutation]
 14792 | D:11     | Lost mutation: You are agile. (Dex +2) [potion of mutation]
 14792 | D:11     | Lost mutation: Your muscles are strong. (Str +2) [potion of
                  | mutation]
 14792 | D:11     | Gained mutation: Your system is resistant to poisons.
                  | (rPois) [potion of mutation]
 14792 | D:11     | Gained mutation: You possess an exceptional clarity of
                  | mind. [potion of mutation]
 14792 | D:11     | Gained mutation: You expend magic power (3 MP) to
                  | strengthen your wands. [potion of mutation]
 14795 | D:11     | Lost mutation: You are frail. (-10% HP) [potion of
                  | mutation]
 14795 | D:11     | Lost mutation: You expend magic power (3 MP) to strengthen
                  | your wands. [potion of mutation]
 14795 | D:11     | Lost mutation: You possess an exceptional clarity of mind.
                  | [potion of mutation]
 14795 | D:11     | Lost mutation: Your system is resistant to poisons. (rPois)
                  | [potion of mutation]
 14795 | D:11     | Gained mutation: You have sharp toenails. [potion of
                  | mutation]
 14795 | D:11     | Gained mutation: You expend magic power (3 MP) to
                  | strengthen your wands. [potion of mutation]
 14796 | D:11     | Lost mutation: You expend magic power (3 MP) to strengthen
                  | your wands. [potion of mutation]
 14796 | D:11     | Gained mutation: You possess an exceptional clarity of
                  | mind. [potion of mutation]
 14796 | D:11     | Gained mutation: Your flesh is cold resistant. (rC+)
                  | [potion of mutation]
 14797 | D:11     | Lost mutation: You possess an exceptional clarity of mind.
                  | [potion of mutation]
 14797 | D:11     | Lost mutation: You have sharp toenails. [potion of
                  | mutation]
 14797 | D:11     | Gained mutation: You are dopey. (Int -2) [potion of
                  | mutation]
 14797 | D:11     | Gained mutation: You possess an exceptional clarity of
                  | mind. [potion of mutation]
 15387 | D:11     | Found Hiehir Ipru's Antique Armour Shop.
 15969 | D:12     | Found an ancient bone altar of Kikubaaqudgha.
 16619 | D:11     | Killed from afar by an orc priest

Illustrated notes

Levels and vault maps discovered:
D:1:      dpeg_arrival_rhombus, layout_rooms, st_stairs_8
D:2:      layout_loops_corners, nicolae_overflow_hidden_temple,
          lemuel_crystal_altar
D:3:      cheibrodos_greedy_goblins, layout_rooms, okawaru_trees_1,
          cheibriados_altar_1
D:4:      layout_basic, grunt_qazlal_sundering, minmay_temple_entry_mini_moons,
          uniq_ijyb
D:5:      layout_basic, makhleb_heckhound_becter, dk_noncrumbling_3,
          minmay_misc_feat_columns, elyvilon_altar_1, uniq_blork_the_orc
D:6:      layout_loops_ring, regret_index_temple_of_mockery,
          lemuel_blue_sif_altar, serial_shops, shop, gup_ossuary_entry_pyramid,
          uniq_grinder
D:7:      layout_gridville, lemuel_mausoleum_altar_yredelemnul
D:8:      layout_cave_pods, grunt_temple_overflow_opulence, lemuel_round_altar,
          david_lair_generic, hangedman_abyss_or_decor_slice,
          minmay_strange_pillars, uniq_maggie, uniq_prince_ribbit1, uniq_pikel
D:9:      layout_loops_ring, general_overflow_altar, st_stairs_8
D:10:     layout_small_grid
D:11:     layout_grid_maze, serial_shops, shop
D:12:     layout_roguey, hiddenorc1_lemuel, gammafunk_ghost_hive,
          serial_co_window_serial, co_window_corner_a, co_window_corner_a,
          co_window_cross_1, co_window_paths_b, co_window_of_opportunity_a,
          co_window_2corner, co_window_paths_c, co_window_corner_b,
          co_window_2corner, co_window_paths_c, co_window_corner_b,
          co_window_corner_ca, glass_columns_c, glass_columns_a, special_room
          [special_room_orc], basic_altar

Skill      XL: |  1  2  3  4  5  6  7  8  9 10 11 |
---------------+----------------------------------+-----
Fire Magic     | 4 5 6 8 11 | 11.3
Fighting       | 5 6 7 |  7.4
Spellcasting   | 7 9 |  9.1
Invocations    | 2 3 4 |  4.2
Long Blades    | 6 |  6.0
Conjurations   | 2 5 |  5.3
Ice Magic      | 3 |  3.3
Dodging        | |  1.7
Stealth        | |  1.7

Action                   |  1- 3 |  4- 6 |  7- 9 | 10-12 || total
-------------------------+-------+-------+-------+-------++-------
Melee: Short sword       |     4 |       |       |       ||     4
       Whip              |    15 |    68 |    14 |       ||    97
       Tailslap          |       |     7 |    19 |    27 ||    53
       Unarmed           |       |    13 |       |       ||    13
       Mace              |       |       |   131 |   117 ||   248
       Great sword       |       |       |       |   105 ||   105
Throw: Stone             |     3 |       |       |       ||     3
 Cast: Foxfire           |    60 |    65 |   272 |   138 ||   535
       Conjure Flame     |       |     3 |     2 |     3 ||     8
       Fireball          |       |       |     3 |    35 ||    38
       Hailstorm         |       |       |       |     9 ||     9
       Ozocubu's Armour  |       |       |       |     3 ||     3
       Summon Ice Beast  |       |       |       |     2 ||     2
       Searing Ray       |       |       |       |     1 ||     1
Invok: Upheaval          |       |       |     1 |       ||     1
 Abil: Breathe Dispellin |       |       |     4 |     2 ||     6
  Use: Scroll            |     6 |     3 |     9 |     7 ||    25
       Potion            |       |       |     2 |    13 ||    15
 Stab: Sleeping          |       |     4 |       |       ||     4
Armor: Skin              |    10 |    17 |    65 |   104 ||   196
Dodge: Dodged            |    21 |    50 |   141 |   199 ||   411
Block: Other             |       |       |    20 |   100 ||   120
       Rpst.: Great sword |       |       |       |    21 ||    21
